 Dungeon Crawl Stone Soup version 0.30.1-4-g462c640d31 (webtiles) character file.

Game seed: 11492976565070565628

15208 ManwhosaysNo the Thaumaturge (level 11, -2/82 HPs)
             Began as a Yellow Draconian Conjurer on Aug 29, 2023.
             Was a Priest of Lugonu.
             Slain by a water moccasin (7 damage)
             ... on level 3 of the Lair of Beasts.
             The game lasted 01:05:15 (16214 turns).

ManwhosaysNo the Thaumaturge (DrCj)                Turns: 16214, Time: 01:05:16

Health: -2/82      AC: 16    Str: 10    XL:     11   Next: 98%
Magic:  1/25       EV: 13    Int: 28    God:    Lugonu [***...]
Gold:   752        SH:  0    Dex: 10    Spells: 12/31 levels left

rFire   . . .        u - +5 morningstar (freeze)
rCold   . . .        A - orb {mayhem}
rNeg    . . .        (body armour unavailable)
rPois   .            (helmet restricted)
rElec   +            I - scarf {shadows}
rCorr   +            s - +1 pair of gloves
SInv    .            l - +2 pair of boots
Will    .....        z - amulet of Royalty {Acrobat rElec}
Stlth   ++           r - +4 ring of protection
HPRegen 0.33/turn    N - +6 ring of intelligence
MPRegen 0.19/turn

%: mayhem, acrobat
@: about to teleport
A: spit acid, AC +7, unfitting armour, cold-blooded, acid resistance
a: Breathe Acid, Renounce Religion, Depart the Abyss, Banish


You were on level 3 of the Lair of Beasts.
You worshipped Lugonu.
Lugonu was most pleased with you.
You visited 2 branches of the dungeon, and saw 11 of its levels.
You also visited: Ossuary.

You collected 752 gold pieces.

Inventory:

Hand Weapons
 o - a +0 scythe of flaming
 u - a +5 morningstar of freezing (weapon)
 v - a +3 scimitar
 C - a +0 dagger of venom
 M - a +6 antimagic hand axe
Missiles
 D - a throwing net
Armour
 l - a +2 pair of boots (worn)
 s - a +1 pair of gloves (worn)
 A - an orb of mayhem (worn)
 I - a scarf of shadows (worn)
Jewellery
 n - a +4 ring of slaying
 r - a +4 ring of protection (left hand)
 x - an amulet of the acrobat
 z - the amulet of Royalty (around neck) {Acrobat rElec}
   (You found it on level 4 of the Dungeon)

   [amulet of the acrobat]

   It increases your evasion while moving and waiting.
   rElec:     It insulates you from electricity.
 N - a +6 ring of intelligence (right hand)
Wands
 i - a wand of polymorph (4)
 H - a wand of paralysis (5)
 K - a wand of light (10)
Scrolls
 a - 3 scrolls of amnesia
 b - 2 scrolls of teleportation
 d - a scroll of immolation
 h - a scroll of fog
 k - a scroll of summoning
 m - a scroll of noise
 p - 3 scrolls of poison
 t - a scroll of acquirement {unknown}
 y - a scroll of vulnerability
 B - 2 scrolls of identify
 E - a scroll of enchant weapon {unknown}
 J - a scroll of enchant armour
 L - a scroll of brand weapon {unknown}
Potions
 e - a potion of mutation
 f - 3 potions of haste
 g - 6 potions of ambrosia
 j - a potion of lignification
 q - 7 potions of curing
 w - 5 potions of might {unknown}
 G - a potion of attraction {unknown}


   Skills:
 + Level 3.2 Fighting
 + Level 0.7(1.1) Short Blades
 + Level 1.0(1.2) Long Blades
 + Level 5.0 Maces & Flails
 + Level 6.5 Dodging
 + Level 3.7 Stealth
 + Level 1.8 Unarmed Combat
 + Level 10.7 Spellcasting
 + Level 10.5 Conjurations
 + Level 2.9 Hexes
 + Level 2.0 Necromancy
 + Level 3.4 Translocations
 + Level 1.3 Ice Magic
 + Level 3.7 Invocations
 + Level 3.4 Evocations


You had 12 spell levels left.
You knew the following spells:

 Your Spells              Type           Power      Damage    Failure   Level
a - Magic Dart            Conj           100%       1d8       1%          1
b - Searing Ray           Conj           100%       2d8       1%          2
c - Dazzling Flash        Conj/Hex       100%       N/A       1%          3
d - Iskenderun's Mystic   Conj/Tloc      52%        2d11      2%          4
e - Fulminant Prism       Conj/Hex       25%        3d13      2%          4
f - Ensorcelled Hibernat  Hex/Ice        52%        N/A       2%          2
g - Vampiric Draining     Necr           26%        2d7       4%          3

Your spell library contained the following spells:

 Spells                   Type           Power      Damage    Failure   Level
 Apportation              Tloc           68%        N/A       1%          1
 Slow                     Hex            100%       N/A       1%          1
 Confusing Touch          Hex            31%        N/A       3%          3
 Passwall                 Tmut/Erth      12%        N/A       5%          2
 Frozen Ramparts          Ice            44%        1d7       6%          3
 Swiftness                Air            15%        N/A       11%         3
 Ice Form                 Ice/Tmut       18%        N/A       28%         4
 Summon Ice Beast         Ice/Summ       18%        N/A       28%         4
 Summon Lightning Spire   Summ/Air       15%        N/A       36%         4
 Alistair's Intoxication  Tmut/Pois      10%        N/A       71%         5
 Storm Form               Tmut/Air       7%         N/A       100%        7
 Maxwell's Capacitive Co  Air            7%         ∞         100%        8


Dungeon Overview and Level Annotations

Branches:
Dungeon (8/15)             Temple (0/1) D:6            Lair (3/5) D:8
  Swamp (0/4) Lair:2      Ossuary (visited)
  Snake: Lair:2-3    Spider: Lair:2-3

Altars:
Cheibriados
Dithmenos
Gozag
Makhleb
Wu Jian
Zin
Lugonu

Annotations:
D:8 corrupted
Abyss:1 Nergalle


Innate Abilities, Weirdness & Mutations

You can spit globs of acid.
Your golden yellow scales are hard. (AC +7)
You cannot fit into any form of body armour.
You are cold-blooded and may be slowed by cold attacks.
You are resistant to acid. (rCorr)


Message History

The eight-headed hydra closely misses you.
The eight-headed hydra bites you but does no damage.
The eight-headed hydra barely misses you.
Aiming: Vampiric Draining (dangerous; 5% risk of failure)
Press: ? - help, Q - select action, (/) - cycle Shift-Dir - straight line, f/p - eight-headed hydra
Aim: an eight-headed hydra (almost dead)
You draw life force from the eight-headed hydra.
You feel life coursing into your body. The eight-headed hydra bites you!
* * * LOW HITPOINT WARNING * * *
The eight-headed hydra bites you but does no damage.
The eight-headed hydra misses you. The eight-headed hydra bites you!
* * * LOW HITPOINT WARNING * * *
The eight-headed hydra bites you but does no damage.
The eight-headed hydra bites you.
* * * LOW HITPOINT WARNING * * *
The eight-headed hydra closely misses you.
The eight-headed hydra bites you but does no damage.
Aiming: Vampiric Draining (dangerous; 5% risk of failure)
Press: ? - help, Q - select action, (/) - cycle Shift-Dir - straight line, f/p - eight-headed hydra
Aim: an eight-headed hydra (almost dead)
You draw life force from the eight-headed hydra!
You kill the eight-headed hydra!
Lugonu accepts your kill.
The water moccasin flies into a frenzy!
You feel life coursing into your body. The water moccasin closely misses you.
Your Maces & Flails skill increases to level 5!
Your Necromancy skill increases to level 2!
Aiming: Vampiric Draining (dangerous; 4% risk of failure)
Press: ? - help, Q - select action, (/) - cycle Shift-Dir - straight line, f - water moccasin
Aim: a water moccasin (heavily wounded, fast, strong, frenzied and insane)
You draw life force from the water moccasin!
You feel life coursing into your body. The water moccasin bites you!
* * * LOW HITPOINT WARNING * * *
The water moccasin closely misses you.
As you read the scroll of teleportation, it crumbles to dust.
You feel strangely unstable. The water moccasin bites you!
You die...

#.....
#.....
....
... ♣.♣
##S##
##.@.##
#....<#
#>....#
#....<#
##...##
##∩##
♣.♣ ..


You could see a neutral water moccasin (fast, strong, insane).

Vanquished Creatures
  A hydra (Lair:3)
  Pikel (D:7)
  An elephant (D:8)
  A black mamba (Lair:1)
  3 cane toads (Lair:1)
  A torpor snail (Lair:1)
  2 rime drakes (Lair:2)
  2 komodo dragons (Lair:2)
  A tyrant leech (Lair:2)
  Sigmund (D:5)
  3 wyverns
  A basilisk (Lair:1)
  4 yaks (Lair:1)
  A steam dragon (D:7)
  Menkaure (Ossuary)
  A swamp worm (Lair:2)
  An acid dragon (D:7)
  3 water moccasins
  A sky beast (D:6)
  An orc warrior (D:8)
  An ice beast (D:7)
  3 black bears
  5 wolves (Lair:1)
  3 centaurs
  3 lemures (D:7)
  A phantom (D:7)
  3 kobold brigands
  An elf zombie (Ossuary)
  A gnoll sergeant (D:6)
  4 bullfrogs
  3 scorpions (D:6)
  3 wights (D:7)
  24 killer bees
  2 electric eels
  2 centaur zombies (Ossuary)
  3 hounds
  A jelly (D:7)
  2 orc priests
  4 iguanas
  3 sleepcaps
  Ijyb (D:5)
  4 orc wizards
  3 ogre zombies (Ossuary)
  6 mummies (Ossuary)
  10 gnolls
  6 adders
  2 white imps
  3 ufetubi
  3 adder zombies (Ossuary)
  2 worms (D:2)
  4 dart slugs
  19 orcs
  4 bats
  8 endoplasms
  3 giant cockroaches
  6 goblins
  6 hobgoblins
  6 jackals
  16 kobolds
  4 quokkas
  5 ball pythons
  3 frilled lizards
  3 goblin zombies (Ossuary)
  6 hobgoblin zombies (Ossuary)
  3 kobold zombies (Ossuary)
  5 quokka zombies (Ossuary)
  2 rats
  4 rat zombies (Ossuary)
  A fulminant prism (Lair:2)
251 creatures vanquished.

Vanquished Creatures (collateral kills)
  A hydra (Lair:2)
  2 two-headed ogres
  The ghost of Janerl the Cudgeller, a novice AtBe of Trog (D:6)
  A queen bee (Lair:1)
  3 yaks (Lair:1)
  A wolf (Lair:1)
  A centaur (D:6)
  A kobold brigand (D:8)
  2 wights (D:7)
  2 killer bees (Lair:1)
  2 gnoll boudas
  2 gnolls (D:6)
  An adder (D:5)
  3 orcs
  A kobold (D:8)
24 creatures vanquished.

Vanquished Creatures (others)
  A yak (Lair:1)
  A wyvern (D:8)
  A basilisk (D:8)
  3 wights (D:8)
  3 killer bees (Lair:1)
  A gnoll (D:5)
  An adder (D:5)
  An orc (D:6)
  38 fulminant prisms
50 creatures vanquished.

Grand Total: 325 creatures vanquished

Notes
Turn   | Place    | Note
-------+----------+-------------------------------------------
     0 | D:1      | ManwhosaysNo the Draconian Conjurer began the quest for the
                  | Orb.
     0 | D:1      | Reached XP level 1. HP: 14/14 MP: 3/3
   314 | D:1      | Reached XP level 2. HP: 20/20 MP: 1/5
   811 | D:1      | Found a faded altar of an unknown god.
   989 | D:1      | Prayed at the altar of an unknown god.
   989 | D:1      | Became a worshipper of Lugonu the Unformed
   989 | D:1      | Reached * piety under Lugonu
  1786 | D:2      | Reached XP level 3. HP: 26/26 MP: 4/6
  2470 | D:2      | Found a burning altar of Makhleb.
  3139 | D:3      | Reached XP level 4. HP: 33/33 MP: 4/7
  3670 | D:3      | Reached skill level 5 in Conjurations
  3843 | D:3      | Learned a level 2 spell: Searing Ray
  3849 | D:4      | Learned a level 3 spell: Dazzling Flash
  4045 | D:4      | Reached ** piety under Lugonu
  4165 | D:4      | Found a sand-covered staircase.
  4179 | Ossuary  | Entered an ossuary
  4186 | Ossuary  | Reached XP level 5. HP: 24/38 MP: 2/10
  4881 | Ossuary  | Reached XP level 6. HP: 38/45 MP: 1/12
  5136 | Ossuary  | Noticed Menkaure
  5328 | Ossuary  | Killed Menkaure
  5329 | Ossuary  | Reached skill level 1 in Unarmed Combat
  5600 | Ossuary  | Your scales start taking on a golden yellow colour.
  5600 | Ossuary  | Reached XP level 7. HP: 50/50 MP: 5/14
  5600 | Ossuary  | Gained mutation: You are resistant to acid. (rCorr) [Yellow
                  | Draconian growth]
  6187 | D:4      | Identified the amulet of Royalty {Acrobat rElec}
  6397 | D:4      | Reached *** piety under Lugonu
  6398 | D:4      | Reached skill level 5 in Spellcasting
  6633 | D:5      | Entered Level 5 of the Dungeon
  6938 | D:5      | Noticed Sigmund
  6946 | D:5      | Killed Sigmund
  7242 | D:5      | Found an opulent altar of Gozag.
  7245 | D:5      | Reached XP level 8. HP: 57/57 MP: 11/16
  7312 | D:5      | Noticed Edmund
  7327 | D:5      | Edmund changed into Edmund the black bear
  7327 | D:5      | Noticed Edmund
  7380 | D:5      | Killed Edmund the black bear
  7514 | D:5      | Noticed Ijyb
  7549 | D:5      | Killed Ijyb
  7731 | D:5      | Learned a level 4 spell: Iskenderun's Mystic Blast
  7736 | D:5      | Learned a level 4 spell: Fulminant Prism
  8291 | D:6      | Found a transporter.
  8298 | D:6      | Noticed Janerl's ghost (novice AtBe)
  8300 | D:6      | Found a transporter.
  8300 | D:6      | Noticed a two-headed ogre
  8463 | D:6      | Killed a two-headed ogre
  8464 | D:6      | Reached skill level 1 in Fighting
  8464 | D:6      | Reached XP level 9. HP: 33/64 MP: 5/20
  8476 | D:6      | Reached skill level 1 in Evocations
  8483 | D:6      | Killed Janerl's ghost
  8484 | D:6      | Reached skill level 1 in Hexes
  8862 | D:6      | Reached skill level 5 in Dodging
  8922 | D:6      | Reached **** piety under Lugonu
  9214 | D:6      | Found a staircase to the Ecumenical Temple.
  9420 | D:7      | Learned a level 2 spell: Ensorcelled Hibernation
  9975 | D:7      | Reached XP level 10. HP: 73/73 MP: 16/22
 10305 | D:7      | Found a faded altar of an unknown god.
 10305 | D:7      | Found a shadowy altar of Dithmenos.
 10314 | D:7      | Found a glowing silver altar of Zin.
 10320 | D:7      | Found an ornate altar of the Wu Jian Council.
 10322 | D:7      | Found a snail-covered altar of Cheibriados.
 10487 | D:7      | Noticed Pikel
 10498 | D:7      | Killed Pikel
 10993 | D:8      | Corrupted D:8
 10993 | D:8      | Noticed a thrashing horror
 10996 | D:8      | Noticed a rakshasa
 10999 | D:8      | Noticed a tentacled starspawn
 11038 | D:8      | Noticed a great orb of eyes
 11049 | D:8      | Noticed a rakshasa
 11109 | D:8      | Noticed an elephant
 11110 | D:8      | Found a staircase to the Lair.
 11110 | D:8      | Noticed a two-headed ogre
 11122 | D:8      | Killed a two-headed ogre
 11123 | D:8      | Reached skill level 1 in Invocations
 11135 | D:8      | Killed an elephant
 11814 | Lair:1   | Entered Level 1 of the Lair of Beasts
 11819 | Lair:1   | Reached skill level 1 in Translocations
 11820 | Lair:1   | Noticed a cane toad
 11824 | Lair:1   | Noticed a cane toad
 11828 | Lair:1   | Killed a cane toad
 11829 | Lair:1   | Reached skill level 1 in Maces & Flails
 11829 | Lair:1   | Reached skill level 10 in Conjurations
 11829 | Lair:1   | Reached skill level 1 in Ice Magic
 11835 | Lair:1   | Killed a cane toad
 12047 | Lair:1   | Noticed a cane toad
 12062 | Lair:1   | Killed a cane toad
 12063 | Lair:1   | Reached skill level 1 in Long Blades
 12326 | Lair:1   | Noticed a torpor snail
 12332 | Lair:1   | Reached XP level 11. HP: 48/80 MP: 16/24
 13339 | Lair:1   | HP: 4/82 [poisoned by a killer bee]
 14518 | Lair:2   | Learned a level 3 spell: Vampiric Draining
 14822 | Lair:2   | Noticed Nergalle
 14827 | Lair:2   | Banished Nergalle
 14828 | Lair:2   | Reached skill level 10 in Spellcasting
 14970 | Lair:2   | Noticed a five-headed hydra
 14979 | Lair:2   | Killed a five-headed hydra
 14980 | Lair:2   | Reached skill level 1 in Necromancy
 15519 | Lair:2   | Found a staircase to the Swamp.
 15708 | Lair:2   | HP: 3/82 [tyrant leech (26)]
 16201 | Lair:3   | Noticed an eight-headed hydra
 16212 | Lair:3   | Killed an eight-headed hydra
 16213 | Lair:3   | Reached skill level 5 in Maces & Flails
 16214 | Lair:3   | Slain by a water moccasin

Illustrated notes

Levels and vault maps discovered:
D:1:      dpeg_arrival_court, layout_basic, shapermc_ecumenical_altar_pompeii
D:2:      layout_basic, basic_altar, guppyfry_early_lair_pool
D:3:      layout_basic
D:4:      layout_basic, nicolae_ossuary_entry_monument
D:5:      layout_basic, grunt_gozag_breadcrumbs, uniq_ijyb, uniq_edmund,
          uniq_sigmund
D:6:      layout_cave_pools, minmay_temple_entry_mist, gammafunk_ghost_arena
D:7:      layout_gridville, chequers_temple_overflow_minitemple, uniq_pikel
D:8:      layout_loops_ring, david_lair_generic, serial_bayou,
          serial_bayou_pond_e, serial_bayou_pond_c, serial_bayou_pond_c,
          serial_bayou_shore_a, st_stairs_13
Lair:1:   layout_cave_pods, special_room [special_room_bee], minivault_27
Lair:2:   layout_regular_city, minmay_swamp_entry_worms, serial_bayou_pond_c,
          uniq_nergalle
Lair:3:   nzn_winding_woodlands_stair_trap
          [nzn_winding_woodlands_5x15_longhouse,
          nzn_winding_woodlands_5x15_parted, nzn_winding_woodlands_5x15_twine,
          nzn_winding_woodlands_15x15_eel_pit, nzn_winding_woodlands_5x15_pool,
          nzn_winding_woodlands_5x15_sidewinder,
          nzn_winding_woodlands_5x15_river_crossing], layout_gridlike,
          dummy_snake_entry

Skill      XL: |  1  2  3  4  5  6  7  8  9 10 11 |
---------------+----------------------------------+-----
Dodging        | 2 3 4 5 6 |  6.5
Conjurations   | 5 6 8 9 10 | 10.5
Stealth        | 2 3 |  3.7
Spellcasting   | 3 4 5 7 8 9 10 | 10.7
Unarmed Combat | 1 |  1.8
Fighting       | 1 2 3 |  3.2
Evocations     | 2 3 |  3.4
Hexes          | 1 2 |  2.9
Invocations    | 1 3 |  3.7
Translocations | 1 3 |  3.4
Maces & Flails | 2 5 |  5.0
Ice Magic      | 1 |  1.3
Long Blades    | 1 |  1.0
Necromancy     | 2 |  2.0
Short Blades   | |  0.7

Action                     |  1- 3 |  4- 6 |  7- 9 | 10-12 || total
---------------------------+-------+-------+-------+-------++-------
  Melee: Unarmed           |    10 |    28 |     9 |       ||    47
         Tailslap          |     3 |     6 |     6 |    23 ||    38
         Punch             |       |     1 |       |       ||     1
         Dagger            |       |       |    35 |     5 ||    40
         Morningstar       |       |       |       |   146 ||   146
         Scimitar          |       |       |       |     3 ||     3
   Cast: Magic Dart        |   103 |   174 |   216 |    48 ||   541
         Searing Ray       |       |     2 |    43 |    12 ||    57
         Dazzling Flash    |       |     1 |     6 |     1 ||     8
         Fulminant Prism   |       |       |     1 |    38 ||    39
         Iskenderun's Myst |       |       |     5 |    26 ||    31
         Ensorcelled Hiber |       |       |     2 |     7 ||     9
         Vampiric Draining |       |       |       |    22 ||    22
 Invoke: Banish            |       |       |     1 |     7 ||     8
         Corrupt           |       |       |       |     1 ||     1
Ability: Breathe Acid      |       |       |     8 |     2 ||    10
  Evoke: Wand              |       |       |    15 |     9 ||    24
    Use: Scroll            |       |     7 |     9 |     3 ||    19
         Potion            |       |     1 |     5 |     6 ||    12
 Armour: Skin              |     2 |    53 |    96 |   123 ||   274
  Dodge: Dodged            |    13 |    55 |   183 |   289 ||   540
